 Dungeon Crawl Stone Soup version 0.24-a0-307-gf989941 (webtiles) character file.

Game seed: 15020033809544762417

9 mhoghedin the Insei (level 1, -1/15 HPs)
             Began as a Demigod Transmuter on May 13, 2019.
             Slain by a jackal (2 damage)
             ... on level 1 of the Dungeon.
             The game lasted 00:00:37 (241 turns).

mhoghedin the Insei (Demigod Transmuter)             Turns: 241, Time: 00:00:38

Health: -1/15      AC:  2    Str: 10 (13) XL:     1   Next: 86%
Magic:  4/5        EV: 12    Int: 14 (17) God:
Gold:   20         SH:  0    Dex: 13 (16) Spells: 2/3 levels left

rFire    . . .     SeeInvis .   f - +0 whip
rCold    . . .     Gourm    .   (no shield)
rNeg     . . .     Faith    .   b - +0 robe
rPois    .         Spirit   .   (no helmet)
rElec    .         Reflect  .   (no cloak)
rCorr    .         Harm     .   (no gloves)
MR       .....                  (boots currently unavailable)
Stlth    +.........             (no amulet)
HPRegen  0.05/turn              (no ring)
MPRegen  0.09/turn              (no ring)

@: appendage (expiring)
A: talons 3, high mp 1
a: End Transformation


You were on level 1 of the Dungeon.
You were not hungry.
You had grown temporary talons.
You visited 1 branch of the dungeon, and saw 1 of its levels.

You collected 20 gold pieces.

Inventory:

Hand Weapons
 f - a +0 whip (weapon)
   (You took it off a kobold on level 1 of the Dungeon)
Missiles
 a - 12 arrows
Armour
 b - a +0 robe (worn)
Comestibles
 d - a ration


   Skills:
 - Level 0.8 Fighting
 - Level 1.7 Dodging
 - Level 2.6 Unarmed Combat
 - Level 1.7 Spellcasting
 + Level 2.5 Transmutations


You had 2 spell levels left.
You knew the following spells:

 Your Spells              Type           Power        Failure   Level  Hunger
a - Beastly Appendage     Tmut           #.....       9%          1    ##.....

Your spell library contained the following spells:

 Spells                   Type           Power        Failure   Level  Hunger
 Sticks to Snakes         Tmut           #.......     13%         2    ###....
 Spider Form              Tmut/Pois      #.........   41%         3    ####...
 Ice Form                 Ice/Tmut       #.......     82%         4    #####..
 Blade Hands              Tmut           #.........   94%         5    ######.


Dungeon Overview and Level Annotations

Branches:
Dungeon (1/15)


Innate Abilities, Weirdness & Mutations

You have an increased reservoir of magic. (+10% MP)
You have claws for feet.


Message History

No target in view!
e - a scroll labeled UKEETU APSU A kobold comes into view.
It is wielding a +0 whip.
You grow a pair of large bovine horns.
You now have 4/5 mp.
The kobold closely misses you.
You hit the kobold. You headbutt the kobold.
You kill the kobold!
No target in view!
No target in view!
No target in view!
No target in view!
No target in view!
No target in view!
No target in view!
No target in view!
f - a +0 whip
f - a +0 whip (weapon)
Your transformation is almost over.
Your horns disappear.
You now have 20 gold pieces (gained 6).
g - a fuming green potion MP restored: 5 A bat comes into view.
A bat is nearby!
The helpless bat fails to defend itself.
You hit the bat.
You kill the bat!
No target in view!
No target in view!
No target in view!
No target in view!
No target in view!
No target in view!
No target in view!
A giant cockroach and a hobgoblin come into view.
There are monsters nearby!
The hobgoblin shouts!
You hear a bark! x2
A jackal comes into view. x2
The jackal moves out of view.
You barely miss the hobgoblin. The hobgoblin barely misses you.
You hit the hobgoblin.
You kill the hobgoblin!
A jackal comes into view.
The giant cockroach bites you but does no damage.
You hit the giant cockroach.
The giant cockroach bites you but does no damage.
You barely miss the giant cockroach.
A jackal comes into view.
The giant cockroach bites you but does no damage. x2
The jackal bites you but does no damage.
You hit the giant cockroach but do no damage.
The jackal bites you. x2; The giant cockroach misses you.
The jackal bites you.
A rat comes into view.
The jackal bites you.
You take 7 damage, and have 8/15 hp.
MASSIVE DAMAGE!!
The jackal closely misses you.
The giant cockroach bites you but does no damage.
The jackal bites you but does no damage.
The jackal barely misses you.
The giant cockroach bites you but does no damage.
The jackal barely misses you. The jackal closely misses you.
Your feet morph into talons.
The jackal completely misses you.
You now have 4/5 mp.
You hit the jackal. You claw the jackal, but do no damage.
The jackal bites you but does no damage.
You hit the jackal. You claw the jackal.
You kill the jackal!
You hit the jackal but do no damage. The jackal bites you. x2
* * * LOW HITPOINT WARNING * * *
You take 4 damage, and have 4/15 hp.
MASSIVE DAMAGE!!
It was a potion of degeneration.
There was something very wrong with that liquid.
You feel weakened.
You feel dopey.
You feel clumsy.
The jackal bites you but does no damage.
You hit the jackal.
You kill the jackal!
The jackal closely misses you.
As you read the scroll labeled EHAISTROLLO, it crumbles to dust.
You feel aware of your surroundings.
It was a scroll of magic mapping.
The jackal barely misses you.
You hit the jackal but do no damage.
Your transformation is almost over.
The jackal bites you.
* * * LOW HITPOINT WARNING * * *
The jackal closely misses you.
You barely miss the jackal. The jackal bites you.
* * * LOW HITPOINT WARNING * * *
You take 3 damage, and have 1/15 hp.
Unknown command.
You aren't carrying any potions.
As you read the scroll labeled UKEETU APSU, it crumbles to dust.
You feel blessed for a moment.
It was a scroll of remove curse.
The jackal bites you.
You die...

,,,,,,,,*,,***#######.....#######
,,*****,...,,,...................
,,,,,,,,#..***#######.....#######
**,*****#?.* ##.....##.†... **,,*
#..* #......##.#### ***,* #..####
#............. ***,** #.....#
###.......#..### ,,,,,*
#.....####.......#.#..###
****,####.)..shh@....###.#.#.....
,,,,r.........####.........#..#.#
****.#####.##.# ###...#.####....
****,**###.##.######...#.# *....#
,,,,,,...................# *.####
,,,,,*####.##.######...### *,***#
,,,,,,,,...,#.# #...# *,,,,.
*,***,,#.#.*#.# #...# *****# *,*
*,,#,*,*#.# #...#


You could see 2 jackals and a giant cockroach.

Vanquished Creatures
  3 bats (D:1)
  A hobgoblin (D:1)
  2 jackals (D:1)
  A frilled lizard (D:1)
  A kobold (D:1)
  A rat (D:1)
9 creatures vanquished.

Notes
Turn   | Place    | Note
-------+----------+-------------------------------------------
     0 | D:1      | mhoghedin the Demigod Transmuter began the quest for the
                  | Orb.
     0 | D:1      | Reached XP level 1. HP: 15/15 MP: 5/5
    18 | D:1      | Reached skill level 2 in Transmutations
   240 | D:1      | HP: 1/15 [jackal (3)]
   241 | D:1      | Slain by a jackal

Levels and vault maps discovered:
D:1:      minmay_arrival_arboretum_small, layout_basic

Skill      XL: |  1 |
---------------+----+-----
Transmutations | 2 |  2.5
Fighting       | |  0.8
Dodging        | |  1.7
Unarmed Combat | |  2.6
Spellcasting   | |  1.7

Action                   || total
-------------------------++-------
Melee: Whip              ||    12
       Unarmed           ||     9
       Kick              ||     2
       Headbutt          ||     2
 Cast: Beastly Appendage ||     3
  Use: Scroll            ||     2
       Potion            ||     1
 Stab: Sleeping          ||     3
Armor: Robe              ||    12
Dodge: Dodged            ||    15

Table legend:
 A = Non-vault XP
 B = Vault XP
 C = Vault XP percentage of total XP
 D = Non-vault monster count
 E = Vault monster count
 F = Vault count percentage of total count
                 A         B        C        D         E       F
            +---------+---------+-------+---------+---------+-------
      Total |      13 |       0 |   0.0 |       9 |       0 |   0.0
            +---------+---------+-------+---------+---------+-------
        D:1 |      13 |       0 |   0.0 |       9 |       0 |   0.0
            +---------+---------+-------+---------+---------+-------

Levels and vault maps discovered:
D:1:      minmay_arrival_arboretum_small, layout_basic

Table legend:
 A = Turns spent in this place as a percentage of turns spent in the entire game.
 B = Non-inter-level travel turns spent in this place as a percentage of non-inter-level travel turns spent in the entire game.
 C = Inter-level travel turns spent in this place as a percentage of turns spent in this place.
 D = Turns resting spent in this place as a percentage of non-inter-level travel turns spent in this place.
 E = Turns spent auto-exploring this place as a percentage of non-inter-level travel turns spent in this place.
 F = Non-inter-level travel turns spent in this place divided by the number of levels of this place that you've seen.
                   A       B       C       D       E      F
               +-------+-------+-------+-------+-------+----------------------
         Total | 100.0 | 100.0 |   0.0 |   0.8 |  73.9 | 241.0
       Dungeon | 100.0 | 100.0 |   0.0 |   0.8 |  73.9 | 241.0
               +-------+-------+-------+-------+-------+----------------------

Table legend:
 A = Kills in this place as a percentage of kills in entire the game.
 B = Kills by you in this place as a percentage of kills by you in the entire game.
 C = Kills by friends in this place as a percentage of kills by friends in the entire game.
 D = Other kills in this place as a percentage of other kills in the entire game.
 E = Experience gained in this place as a percentage of experience gained in the entire game.
 F = Experience gained in this place divided by the number of levels of this place that you have seen.
                   A       B       C       D       E      F
               +-------+-------+-------+-------+-------+----------------------
         Total | 100.0 | 100.0 |   N/A |   N/A | 100.0 |  13.0
       Dungeon | 100.0 | 100.0 |   N/A |   N/A | 100.0 |  13.0
               +-------+-------+-------+-------+-------+----------------------
